AoeStats
← nero

Four Lakes

509746839Analyzed
1v1 RM · 6d ago on Sep 27, 2026· 57m 9s· 2 players
Game mode
Random Map
Map size
Tiny (2 player)
Population
200
Speed
Normal
Resources
Standard
Victory
Conquest
Starting age
Dark Age
Ending age
Imperial Age
RankedLock teamsTeams togetherTeam positionsShared explorationLock speedFull tech treeHidden civsTurbo modeCheats
Victory
Defeat
🇮🇱 Varangians · Israel
1520
+15
🇨🇱 Italians · Chile
1490
-15
nero
7:07 Loom
9:23 Feudal Age
10:09 Double-Bit Axe
19:09 Castle Age
17:59 Fletching
18:18 Padded Archer Armor
19:20 Crossbowman
19:56 Bodkin Arrow
19:55 Arson
20:25 Bow Saw
26:14 Wheelbarrow
26:22 Padded Archer Armor
26:45 Gold Mining
28:18 Ballistics
32:09 Leather Archer Armor
35:45 Imperial Age
35:28 Scale Barding Armor
36:34 Bracer
37:35 Chemistry
37:31 Conscription
37:31 Conscription
39:29 Bloodlines
38:41 Light Cavalry
45:14 Chain Barding Armor
51:50 Elite Skirmisher
56:09 Ring Archer Armor
Funny Liquid
5:05 Loom
9:33 Feudal Age
11:12 Double-Bit Axe
12:39 Bloodlines
15:40 Fishing Lines
15:44 Horse Collar
20:39 Castle Age
19:00 Scale Barding Armor
19:05 Forging
18:57 Stone Mining
20:48 Fletching
22:14 Bow Saw
25:37 Town Watch
26:08 Husbandry
26:30 Gillnets
28:12 Chain Barding Armor
28:28 Iron Casting
28:35 Heavy Plow
29:03 Vendel Legacy
35:40 Imperial Age
33:09 Gold Mining
35:44 Bodkin Arrow
35:50 Padded Archer Armor
37:30 Plate Barding Armor
36:28 Elite Skirmisher
37:46 Padded Archer Armor
37:12 Elite Skirmisher
37:36 Light Cavalry
38:29 Bracer
39:08 Leather Archer Armor
39:43 Conscription
39:26 Cavalier
41:01 Ring Archer Armor
41:24 Ballistics
44:05 Blast Furnace
44:53 Chemistry
45:04 Wheelbarrow
46:34 Two-Man Saw
46:31 Hussar
48:32 Scale Mail Armor
50:49 Hand Cart
50:51 Squires
52:15 Chain Mail Armor
53:48 Conscription
52:57 Gothikon
54:06 Elite Varangian Guard
55:33 Plate Mail Armor
55:22 Arson
55:37 Gambesons
Connection lost

Rejoining the realm…

Still unreachable

The connection could not be restored.

Session expired

The server has moved on; the page needs a fresh start.